 Dungeon Crawl Stone Soup version 0.29.1-15-g9cfb28693d (webtiles) character file.

Game seed: 2552097995644894553

1523 kingofthe the Magician (level 8, -5/41 HPs)
             Began as a Deep Elf Fire Elementalist on Mar 4, 2023.
             Succumbed to a water moccasin's poison
             ... on level 6 of the Dungeon on Mar 5, 2023.
             The game lasted 00:18:20 (6698 turns).

kingofthe the Magician (Deep Elf Fire Elementalist) Turns: 6698, Time: 00:18:20

Health: -5/41      AC:  6    Str:  9    XL:     8   Next: 54%
Magic:  22/29      EV: 16    Int: 23    God:
Gold:   278        SH:  0    Dex: 19    Spells: 11/21 levels left

rFire   . . .      SeeInvis .   a - +12 dagger "Ufaxtyigg" {freeze, Str+4 Dex+4}
rCold   . . .      Faith    .   (no shield)
rNeg    . . .      Spirit   .   x - +0 robe
rPois   .          Reflect  .   (no helmet)
rElec   .          Harm     .   q - +0 cloak
rCorr   .          Rampage  .   (no gloves)
Will    .....                   m - +2 pair of boots {Fly}
Stlth   +++.......              (no amulet)
HPRegen 0.13/turn               M - ring of magical power
MPRegen 0.21/turn               Z - ring of wizardry

@: lethally poisoned (-5 -> -36), flying, studying Polearms
A: no striking features
a: no special abilities


You were on level 6 of the Dungeon.
You visited 1 branch of the dungeon, and saw 6 of its levels.
You also visited: Ossuary.

You collected 278 gold pieces.


   Skills:
 * Level 6.4 Dodging
 + Level 5.1 Stealth
 * Level 7.3 Spellcasting
 * Level 5.5 Conjurations
 * Level 6.4 Fire Magic


You had 11 spell levels left.
You knew the following spells:

 Your Spells              Type           Power      Damage    Failure   Level
a - Foxfire               Conj/Fire      100%       2x1d9     1%          1
b - Scorch                Fire           76%        2d8       1%          2
c - Conjure Flame         Conj/Fire      35%        6-21      1%          3
d - Flame Wave            Conj/Fire      35%        2d10      2%          4

Your spell library contained the following spells:

 Spells                   Type           Power      Damage    Failure   Level
 Inner Flame              Hex/Fire       23%        N/A       2%          3
 Apportation              Tloc           16%        N/A       3%          1
 Necrotise                Necr           32%        1d5       3%          1
 Summon Small Mammal      Summ           32%        N/A       3%          1
 Gell's Gravitas          Tloc           8%         N/A       9%          3
 Lesser Beckoning         Tloc           8%         N/A       9%          3
 Teleport Other           Tloc           8%         N/A       9%          3

Inventory:

Hand Weapons
 a - the +12 dagger "Ufaxtyigg" (weapon) {freeze, Str+4 Dex+4}
   (You found it on level 5 of the Dungeon)

   It freezes those it strikes, dealing additional cold damage.
   It can also slow down cold-blooded creatures.
   Str:       It affects your strength (+4).
   Dex:       It affects your dexterity (+4).
 F - a +0 long sword of flaming
Armour
 m - a +2 pair of boots of flying (worn)
 q - a +0 cloak (worn)
 x - a +0 robe (worn)
 G - +0 swamp dragon scales
Jewellery
 M - a ring of magical power (left hand)
 R - a ring of resist corrosion
 Z - a ring of wizardry (right hand)
Wands
 k - a wand of polymorph (7)
 w - a wand of digging (7)
 y - a wand of paralysis (17)
Scrolls
 d - a scroll of enchant armour {unknown}
 g - a scroll of enchant weapon {unknown}
 h - a scroll of brand weapon {unknown}
 j - 5 scrolls of teleportation {@r2}
 l - 3 scrolls of amnesia {unknown}
 n - 3 scrolls of fear {unknown}
 o - 2 scrolls of summoning {unknown}
 p - a scroll of identify {@r1}
 s - a scroll of immolation {unknown}
 t - a scroll of blinking {unknown}
 v - 2 scrolls of magic mapping {unknown}
Potions
 b - a potion of magic
 c - a potion of mutation {unknown}
 e - a potion of brilliance {unknown}
 f - 4 potions of might
 i - a potion of berserk rage {unknown}
 r - 3 potions of curing {@q1}
 u - a potion of lignification {unknown}
 z - 3 potions of degeneration {unknown}
 A - a potion of resistance {unknown}
 B - a potion of flight {unknown}
 C - a potion of haste {unknown}
 D - a potion of cancellation {unknown}
 E - a potion of attraction {unknown}

Dungeon Overview and Level Annotations

Branches:
Dungeon (6/15)            Ossuary (visited)
 Temple: D:4-7

Altars:
Trog
Vehumet
Zin

Annotations:
D:3 2 transporters, leafyfresh's ghost, amateur OpDe

+▓▓▓+▓▓▓'..+.# #.####<...
▓.......▓..▓## #.# ###..
▓.......▓..▓ #.######..
+▓▓▓+▓▓▓'▓▓▓####.#.....##
#.....................
###..)..............#.
#####+###............###.##.
#......g##########.....#.##.
#.....gggS.@######...#......
#.....gg###.....##...###.###
#.......# #####..#.......#
#.......# ##.#..######.#
######### #.#..######.#
#####.#..........
#.....))###.###.#
#.#.#)..###.###.#
#...............#


You could see a water moccasin (combustible), a gnoll bouda and 5 gnolls.


Message History

Casting: Scorch (safe; 1% risk of failure)
Confirm with . or Enter, or press ? or * to list all spells.
Flames lash the gnoll.
The gnoll is heavily wounded.
The gnoll's fire resistance burns away.
You feel sick.
The water moccasin completely misses you.
The gnoll closely misses you. The water moccasin barely misses you.
Casting: Scorch (safe; 1% risk of failure)
Confirm with . or Enter, or press ? or * to list all spells.
Flames lash the gnoll.
The gnoll is lightly wounded.
The gnoll's fire resistance burns away.
You feel sick.
The water moccasin completely misses you.
The gnoll barely misses you.
You feel sick.
You feel better.
The gnoll is no longer more vulnerable to fire.
The water moccasin bites you.
* * * LOW HITPOINT WARNING * * *
You are lethally poisoned!
The water moccasin poisons you!
The gnoll hits you from afar with a +0 spear.
* * * LOW HITPOINT WARNING * * *
The water moccasin bites you.
* * * LOW HITPOINT WARNING * * *
You are more poisoned.
The water moccasin poisons you!
The water moccasin attacks as you move away!
The water moccasin barely misses you.
You die...

Skill      XL: |  1  2  3  4  5  6  7  8 |
---------------+-------------------------+-----
Dodging        | 3 4 5 6 |  6.4
Conjurations   | 2 3 4 5 |  5.5
Stealth        | 3 4 5 |  5.1
Spellcasting   | 4 5 6 7 |  7.3
Fire Magic     | 4 5 6 |  6.4

Action                   |  1- 3 |  4- 6 |  7- 9 || total
-------------------------+-------+-------+-------++-------
Melee: Unarmed           |     6 |     2 |       ||     8
       Dagger            |       |       |     1 ||     1
 Cast: Foxfire           |    92 |    97 |   120 ||   309
       Scorch            |    10 |    53 |    65 ||   128
  Use: Scroll            |       |     1 |     3 ||     4
       Potion            |       |       |     1 ||     1
Armor: Robe              |     3 |     6 |    13 ||    22
Dodge: Dodged            |    15 |    25 |    40 ||    80

Levels and vault maps discovered:
D:1:      lemuel_arrival_cross, layout_basic,
          hellmonk_ecumenical_altar_crossroads, minivault_4
D:2:      minmay_door_path, layout_rooms, minmay_pentomino_r4
D:3:      layout_loops_ring, mainiacjoe_overflow_catwalk,
          gammafunk_ghost_mausoleum, hangedman_decor_growths,
          grunt_ministairs_4, chequers_serial_rivers_large_b
D:4:      layout_loops_ring, chequers_serial_rivers_micro_a
D:5:      layout_cave_pools, lightli_temple_of_fire, enter_ossuary_4,
          minmay_manual_monstrance
D:6:      layout_basic, mainiacjoe_overflow_24_doors, serial_shops, shop,
          grunt_ministairs_5, dreamdust_gnoll_farm, uniq_maggie, uniq_sigmund

Notes
Turn   | Place    | Note
-------+----------+-------------------------------------------
     0 | D:1      | kingofthe the Deep Elf Fire Elementalist began the quest
                  | for the Orb.
     0 | D:1      | Reached XP level 1. HP: 10/10 MP: 6/6
   105 | D:1      | Found a faded altar of an unknown god.
   499 | D:1      | Reached XP level 2. HP: 15/15 MP: 8/8
   525 | D:1      | Learned a level 2 spell: Scorch
  1244 | D:2      | Reached skill level 3 in Dodging
  1247 | D:2      | Reached XP level 3. HP: 19/19 MP: 10/10
  1366 | D:2      | Reached skill level 2 in Conjurations
  1831 | D:2      | Reached XP level 4. HP: 24/24 MP: 11/11
  1988 | D:2      | You are sucked into a shaft and drop 2 floors!
  1999 | D:4      | Reached skill level 3 in Stealth
  1999 | D:4      | Reached skill level 4 in Spellcasting
  1999 | D:4      | Reached skill level 4 in Fire Magic
  2187 | D:4      | Reached XP level 5. HP: 22/28 MP: 13/13
  2789 | D:3      | Reached skill level 3 in Conjurations
  2820 | D:3      | Found a transporter.
  3003 | D:3      | Reached skill level 4 in Dodging
  3190 | D:3      | Reached XP level 6. HP: 32/32 MP: 15/15
  3230 | D:3      | Learned a level 3 spell: Conjure Flame
  3325 | D:3      | Noticed leafyfresh's ghost (amateur OpDe)
  3405 | D:3      | Found a radiant altar of Vehumet.
  3922 | D:3      | Found a transporter.
  4142 | D:3      | Learned a level 4 spell: Flame Wave
  4192 | D:4      | Reached skill level 5 in Spellcasting
  4490 | D:5      | Entered Level 5 of the Dungeon
  4494 | D:5      | Identified the +12 dagger "Ufaxtyigg" {freeze, Str+4 Dex+4}
  4565 | D:5      | Reached skill level 5 in Fire Magic
  4622 | D:5      | Reached skill level 4 in Stealth
  4622 | D:5      | Reached XP level 7. HP: 36/36 MP: 17/17
  4699 | D:5      | Found a sand-covered staircase.
  4703 | D:5      | Reached skill level 5 in Dodging
  4703 | D:5      | Reached skill level 4 in Conjurations
  4707 | Ossuary  | Entered an ossuary
  5676 | D:5      | Reached skill level 6 in Spellcasting
  5834 | D:5      | Found a bloodstained altar of Trog.
  6250 | D:6      | Reached XP level 8. HP: 32/41 MP: 16/19
  6370 | D:6      | Noticed Maggie
  6380 | D:6      | Killed Maggie
  6381 | D:6      | Reached skill level 6 in Dodging
  6381 | D:6      | Reached skill level 7 in Spellcasting
  6381 | D:6      | Reached skill level 5 in Conjurations
  6381 | D:6      | Reached skill level 6 in Fire Magic
  6569 | D:6      | Reached skill level 5 in Stealth
  6605 | D:6      | Found a glowing silver altar of Zin.
  6621 | D:6      | Noticed Sigmund
  6629 | D:6      | Killed Sigmund
  6695 | D:6      | HP: 4/41 [poisoned by a water moccasin]
  6697 | D:6      | HP: 1/41 [water moccasin (1)]
  6698 | D:6      | Succumbed to a water moccasin's poison

Vanquished Creatures
  Maggie (D:6)
  Sigmund (D:6)
  2 black bears
  A phantom (D:5)
  A bullfrog (D:6)
  A necrophage (D:5)
  A scorpion (D:5)
  A howler monkey (D:5)
  5 hounds
  2 jellies
  2 orc wizards
  An iguana (D:4)
  A mummy (Ossuary)
  5 adders
  11 gnolls
  3 worms
  10 orcs
  A spectral bat (Ossuary)
  9 endoplasms
  4 giant cockroaches
  10 hobgoblins
  8 jackals
  3 quokkas
  8 ball pythons
  8 bats
  3 bat simulacra (Ossuary)
  6 frilled lizards
  12 gnoll zombies (Ossuary)
  8 goblins
  3 goblin simulacra (Ossuary)
  4 goblin zombies (Ossuary)
  A hobgoblin zombie (Ossuary)
  7 kobolds
  3 kobold simulacra (Ossuary)
  6 kobold zombies (Ossuary)
  7 orc zombies (Ossuary)
  A quokka zombie (D:5)
  7 rats
  8 rat simulacra (Ossuary)
  A rat zombie (D:5)
  5 spectral goblins (Ossuary)
  6 spectral kobolds (Ossuary)
  4 spectral rats (Ossuary)
192 creatures vanquished.

Vanquished Creatures (collateral kills)
  A foxfire (D:6)
1 creature vanquished.

Vanquished Creatures (others)
  499 foxfires
499 creatures vanquished.

Grand Total: 692 creatures vanquished

Table legend: (Time is in decaauts)
 A = Elapsed time spent in this place.
 B = Non-inter-level travel time spent in this place.
 C = Inter-level travel time spent in this place.
 D = Time resting spent in this place.
 E = Time spent auto-exploring this place.
 F = Levels seen in this place.
 G = Mean time per level.
                   A        B        C        D        E       F      G
               +--------+--------+--------+--------+--------+-----+--------+
         Total |   6696 |   6540 |    156 |    435 |   4876 |   7 |  956.6 |
       Dungeon |   5786 |   5630 |    156 |    318 |   4375 |   6 |  964.3 |
       Ossuary |    909 |    909 |      0 |    117 |    501 |   1 |  909.0 |
               +--------+--------+--------+--------+--------+-----+--------+

Top non-repeatable levels by time:
     D:1: 1236 daAuts
     D:4: 1170 daAuts
     D:3: 1063 daAuts
     D:2: 1063 daAuts
 Ossuary: 909 daAuts
     D:6: 663 daAuts
     D:5: 588 daAuts

Table legend:
 A = Non-vault XP
 B = Vault XP
 C = Vault XP percentage of total XP
 D = Non-vault monster count
 E = Vault monster count
 F = Vault count percentage of total count
                 A         B        C        D         E       F
            +---------+---------+-------+---------+---------+-------
      Total |    1099 |    1077 |  49.5 |     108 |      84 |  43.8
            +---------+---------+-------+---------+---------+-------
        D:1 |      34 |       0 |   0.0 |      25 |       0 |   0.0
        D:2 |      63 |       7 |  10.0 |      20 |       4 |  16.7
        D:3 |     138 |       3 |   2.1 |      26 |       2 |   7.1
        D:4 |     386 |       0 |   0.0 |      27 |       0 |   0.0
        D:5 |     175 |     259 |  59.7 |       4 |       7 |  63.6
        D:6 |     303 |     716 |  70.3 |       6 |       7 |  53.8
    Ossuary |       0 |      92 | 100.0 |       0 |      64 | 100.0
            +---------+---------+-------+---------+---------+-------
